 Dungeon Crawl Stone Soup version 0.29.0-7-g18a832c13a (webtiles) character file.

Game seed: 15692640719283502171

37 Arcadio the Chopper (level 3, 29/29 HPs)
             Began as a Human Berserker on Aug 31, 2022.
             Was an Initiate of Nemelex Xobeh.
             Quit the game on level 2 of the Dungeon.
             The game lasted 00:03:09 (1903 turns).

Arcadio the Chopper (Human Berserker)               Turns: 1903, Time: 00:03:10

Health: 29/29      AC:  2    Str: 19    XL:     3   Next: 62%
Magic:  3/3        EV: 12    Int:  7    God:    Nemelex Xobeh [......]
Gold:   120        SH:  0    Dex: 12    Spells: 2/2 levels left

rFire   . . .      SeeInvis .   i - +2 spear (venom)
rCold   . . .      Faith    .   (no shield)
rNeg    . . .      Spirit   +   b - +0 animal skin
rPois   .          Reflect  .   (no helmet)
rElec   .          Harm     .   (no cloak)
rCorr   .          Rampage  .   (no gloves)
Will    .....                   (no boots)
Stlth   +.........              m - amulet of guardian spirit
HPRegen 0.09/turn               (no ring)
MPRegen 0.08/turn               (no ring)

@: no status effects
A: no striking features
a: Renounce Religion, Draw Escape, Draw Destruction, Draw Summoning


You were on level 2 of the Dungeon.
You worshipped Nemelex Xobeh.
Nemelex Xobeh was noncommittal.
You visited 1 branch of the dungeon, and saw 2 of its levels.

You collected 120 gold pieces.

Inventory:

Hand Weapons
 a - a +0 hand axe
 d - a +0 whip of draining
 i - a +2 spear of venom (weapon)
Armour
 b - a +0 animal skin (worn)
Jewellery
 m - an amulet of guardian spirit (around neck)
Scrolls
 f - a scroll of butterflies {unknown}
 k - a scroll of poison {unknown}
 l - a scroll of brand weapon {unknown}
 n - a scroll of teleportation {unknown}
Potions
 c - 2 potions of magic {unknown}
 e - a potion of invisibility {unknown}
 g - a potion of attraction {unknown}
 h - 2 potions of mutation {unknown}
 j - 2 potions of heal wounds {unknown}
 o - 2 potions of curing {unknown}


   Skills:
 + Level 3.3 Fighting
 + Level 3.4 Axes
 + Level 2.4 Armour
 + Level 2.4 Dodging


You had 2 spell levels left.
You didn't know any spells.
Your spell library was empty.

Dungeon Overview and Level Annotations

Branches:
Dungeon (2/15) Zot: 10078

Altars:
Nemelex Xobeh


Message History

You hit the giant cockroach.
The giant cockroach is severely wounded.
The giant cockroach bites you.
You closely miss the giant cockroach.
The giant cockroach is heavily wounded.
The giant cockroach bites you.
You barely miss the giant cockroach.
The giant cockroach is heavily wounded.
The giant cockroach closely misses you. The giant cockroach bites you.
You puncture the giant cockroach!
You kill the giant cockroach!
You see here a giant cockroach corpse.
Magic restored.
You open the door.
There is an open door here.
There is an open door here.
You open the door.
There is an open door here.
o - 2 golden potions (gained 1)
Found a stone staircase leading up.
There is a stone staircase leading up here.
Found an amulet of guardian spirit.
You now have 110 gold pieces (gained 10).
A kobold and a frilled lizard come into view.
There are monsters nearby!
The frilled lizard hisses angrily.
The frilled lizard barely misses you.
You hit the frilled lizard.
You kill the frilled lizard!
You see here a frilled lizard corpse.
Found 10 gold pieces.
The kobold shouts!
You hit the kobold.
You kill the kobold!
Things that are here:
a +0 club; a kobold corpse You now have 120 gold pieces (gained 10).
As you open the door, it creaks loudly!
Found a dagger.
Found a stone staircase leading down.
Are you sure you want to abandon this character and quit the game? (Confirm with "yes".)

#.# #.# ##.## #.#
#.###.# #.# #.#
......# #.# #.#
#.##### #+#
#.###### #.# ...
#......# #.# ....
######.# ..# .....
##.###.# ..####
).....####...##.#
.....+
......'@......#.#
...###
......####...##.###
..<# .....
##.......# ##.#
>... ##.##.#.# ...#
... #.##.#.# ####
#+# #)...#.# #.#
#..###.# ########.#
#..# #.#
###......."##
#..###.#


There were no monsters in sight!

Vanquished Creatures
  2 dart slugs
  5 bats
  5 endoplasms (D:1)
  A giant cockroach (D:2)
  4 goblins (D:1)
  A hobgoblin (D:1)
  A quokka (D:2)
  3 ball pythons (D:1)
  A frilled lizard (D:2)
  4 kobolds
  3 rats (D:1)
30 creatures vanquished.

Vanquished Creatures (others)
  A plant (D:1)
1 creature vanquished.

Grand Total: 31 creatures vanquished

Notes
Turn   | Place    | Note
-------+----------+-------------------------------------------
     0 | D:1      | Arcadio the Human Berserker began the quest for the Orb.
     0 | D:1      | Reached XP level 1. HP: 18/18 MP: 1/1
   157 | D:1      | Reached XP level 2. HP: 23/24 MP: 2/2
   610 | D:1      | Reached XP level 3. HP: 29/29 MP: 3/3
  1606 | D:2      | Found a sparkling altar of Nemelex Xobeh.
  1620 | D:2      | Fell from the grace of Trog
  1620 | D:2      | Became a worshipper of Nemelex Xobeh the Trickster
  1903 | D:2      | Quit the game

Illustrated notes

Levels and vault maps discovered:
D:1:      nicolae_arrival_somewhat_less_tricky_arrival, layout_basic,
          serial_forest, infiniplex_forest_clump_cross, infiniplex_forest_end_3,
          infiniplex_forest_side_room, infiniplex_forest_lined_3_way,
          infiniplex_forest_end_1, infiniplex_forest_clump_curved
D:2:      layout_loops_corners, nicolae_ecumenical_snake_handling, basic_altar

Action                   || total
-------------------------++-------
Melee: Whip              ||    39
       Spear             ||    24
Invok: Berserk           ||     2
Armor: Animal skin       ||     9
Dodge: Dodged            ||    41
